 Dungeon Crawl Stone Soup version 0.32-a0-898-g7811c86cf0 (webtiles) character file.

Game seed: 17434890641671933926

21908 JoadsterXIII the Blocker (level 13, -3/106 HPs)
             Began as a Formicid Fighter on Apr 4, 2024.
             Was a High Priest of Zin.
             Slain by a wolf spider (6 damage)
             ... on level 12 of the Dungeon.
             The game lasted 00:32:23 (16672 turns).

JoadsterXIII the Blocker (Formicid Fighter)        Turns: 16672, Time: 00:32:24

Health: -3/106     AC: 19    Str: 28    XL:     13   Next: 23%
Magic:  0/18       EV:  6    Int: 10    God:    Zin [*****.]
Gold:   627        SH: 10    Dex: 21    Spells: 12/12 levels left

rFire   . . .        i - +2 scythe (flame)
rCold   + . .        m - +2 buckler
rNeg    . . .        t - +0 plate armour
rPois   ∞            (helmet unavailable)
rElec   .            C - +0 cloak
rCorr   .            o - +0 pair of gloves
SInv    +            z - +0 pair of boots
Will    +....        e - amulet of guardian spirit Stlth
                     w - +6 ring of dexterity
HPRegen 0.37/turn    p - ring of flight
MPRegen 0.16/turn

%: guardian spirit
@: lethally poisoned (-3 -> -3), vitalised, flying
A: permanent stasis, dig shafts and tunnels, antennae 3, four strong arms, cold
resistance 1
a: Dig, Shaft Self, Renounce Religion, Recite, Vitalisation, Imprison,
Sanctuary, Donate Gold


You were on level 12 of the Dungeon.
You worshipped Zin.
Zin was extremely pleased with you.
You visited 2 branches of the dungeon, and saw 15 of its levels.

You collected 1036 gold pieces.
You donated 409 gold pieces to Zin.

Inventory:

Hand Weapons
 a - a +0 flail
 i - a +2 scythe of flaming (weapon)
Missiles
 l - 2 throwing nets (quivered)
Armour
 m - a +2 buckler (worn)
 o - a +0 pair of gloves (worn)
 t - a +0 plate armour (worn)
 z - a +0 pair of boots (worn)
 C - a +0 cloak (worn)
Jewellery
 e - an amulet of guardian spirit (around neck)
 g - a ring of protection from fire
 p - a ring of flight (right hand)
 r - a ring of magical power
 u - a +6 ring of intelligence
 w - a +6 ring of dexterity (left hand)
 B - a ring of willpower
Wands
 b - a wand of paralysis (4)
 q - a wand of mindburst (22)
 E - a wand of roots (7)
Scrolls
 d - a scroll of enchant weapon
 j - 5 scrolls of vulnerability
 k - a scroll of torment
 n - a scroll of noise
 x - a scroll of poison
 y - 4 scrolls of amnesia
 A - 6 scrolls of identify
 H - a scroll of enchant armour
Potions
 c - a potion of might
 f - a potion of mutation
 h - a potion of invisibility
 v - a potion of attraction
 D - a potion of cancellation
 F - a potion of enlightenment


   Skills:
 + Level 11.1 Fighting
 - Level 2.5(3.1) Short Blades
 - Level 2.6(3.2) Long Blades
 - Level 2.7(7.1) Axes
 - Level 3.4(4.4) Maces & Flails
 + Level 9.6(10.0) Polearms
 - Level 2.8(7.1) Staves
 - Level 2.5 Ranged Weapons
 + Level 10.9 Armour
 + Level 12.9 Shields
 * Level 7.5 Invocations


You had 12 spell levels left.
You didn't know any spells.
Your spell library contained the following spells:

 Spells                   Type           Power      Damage    Failure   Level
 Magic Dart               Conj           0%         1d3       97%         1
 Shock                    Conj/Air       0%         1d3       97%         1
 Sting                    Conj/Alch      0%         1d3       97%         1
 Call Imp                 Summ           0%         N/A       99%         2
 Cigotuvi's Dreadful Rot  Necr/Alch/Air  0%         N/A       99%         2
 Mercury Vapours          Alch/Air       0%         N/A       99%         2
 Searing Ray              Conj           0%         2d4       99%         2
 Frozen Ramparts          Ice            0%         1d1       100%        3
 Inner Flame              Hex/Fire       0%         N/A       100%        3
 Ozocubu's Armour         Ice            0%         N/A       100%        3
 Airstrike                Air            0%         2d(0-16)  100%        4
 Brom's Barrelling Bould  Conj/Erth      0%         2d3       100%        4
 Flame Wave               Conj/Fire      0%         2d4       100%        4
 Fulminant Prism          Conj/Alch      0%         3d5       100%        4
 Ignite Poison            Fire/Alch      0%         N/A       100%        4
 Leda's Liquefaction      Alch/Erth      0%         N/A       100%        4
 Olgreb's Toxic Radiance  Alch           0%         N/A       100%        4
 Petrify                  Alch/Erth      0%         N/A       100%        4
 Sticky Flame             Fire/Alch      0%         2d4       100%        4
 Arcjolt                  Conj/Air       0%         1d10      100%        5
 Fireball                 Conj/Fire      0%         3d3       100%        5
 Freezing Cloud           Conj/Ice/Air   0%         6-21      100%        5
 Iskenderun's Battlesphe  Conj           0%         2d6       100%        5
 Metabolic Englaciation   Hex/Ice        0%         N/A       100%        5
 Conjure Ball Lightning   Conj/Air       0%         3x3d6     100%        6
 Plasma Beam              Fire/Air       0%         2x1d10    100%        6
 Orb of Destruction       Conj           0%         9d5       100%        7
 Blink                    Tloc           Unusable   N/A       N/A         2
 Swiftness                Air            Unusable   N/A       N/A         3
 Vhi's Electric Charge    Tloc/Air       Unusable   N/A       N/A         4

Dungeon Overview and Level Annotations

Branches:
Dungeon (14/15)            Temple (1/1) D:6            Lair (0/5) D:10
    Orc (0/2) D:12
 Vaults: D:13-14

Altars:
Ashenzari
Cheibriados
Dithmenos
Elyvilon
Fedhas
Gozag
Hepliaklqana
Kikubaaqudgha
Makhleb
Nemelex Xobeh
Okawaru
Qazlal
Ru
Sif Muna
Trog
Uskayaw
Vehumet
Wu Jian
Xom
Yredelemnul
Zin
The Shining One


Innate Abilities, Weirdness & Mutations

You cannot be hasted, slowed, berserked, paralysed or teleported.
You can dig through walls and to a lower floor.
You have a pair of large antennae on your head. (SInv)
Your four strong arms can wield two-handed weapons with a shield.
Your flesh is cold resistant. (rC+)


Message History

You feel very sick. The harpy attacks as it pursues you!
The harpy claws you but does no damage. The harpy claws you.
* * * LOW HITPOINT WARNING * * *
The centaur warrior shoots an arrow.
The arrow barely misses you.
The wolf spider attacks as it pursues you!
You block the wolf spider's attack. x2; The harpy claws you but does no damage.
The harpy claws you.
* * * LOW HITPOINT WARNING * * *
There is a stone staircase leading up here.
You feel very sick. You block the harpy's attack.
The harpy claws you but does no damage. The wolf spider barely misses you.
The wolf spider bites you but does no damage.
The deep elf pyromancer casts a spell.
You fly upwards.
You feel very sick.
There is a stone staircase leading down here.
You impale the wolf spider!! You burn the wolf spider.
The wolf spider is heavily wounded.
You feel sick. The harpy claws you.
* * * LOW HITPOINT WARNING * * *
The harpy claws you but does no damage.
The wolf spider hits you but does no damage.
You block the wolf spider's attack.
You hit the wolf spider. You burn the wolf spider.
The wolf spider is heavily wounded.
You feel sick. You block the wolf spider's attack. The wolf spider bites you!
* * * LOW HITPOINT WARNING * * *
You block the harpy's attack. The harpy claws you!
* * * LOW HITPOINT WARNING * * *
The wolf spider hits you.
* * * LOW HITPOINT WARNING * * *
The wolf spider bites you but does no damage.
The harpy claws you but does no damage. The harpy closely misses you.
Zin grants you divine stamina. The harpy claws you but does no damage.
The harpy claws you! Zin protects you from harm! The wolf spider hits you.
You die...

#.##.......# #.#
#.#######..# #.# #.#
#..# #.######
#.#######..#
############.......
#..........#
#.........†...#####
#########.##
#.###########.# #.#
#.#####~~# #.#
#.####.##.~~~~####.#
#.....H@...♣♣~P....#
#....).s...~.(.....#
######.....######.##
#####.# ##.## #.#
#...##### #.#
#........ #.#
#...##... #.#
######†##
#.##########.#


You could see a wolf spider and a harpy.

Vanquished Creatures
  Azrael (D:12)
  Erolcha (D:9)
  A boulder beetle (D:12)
  2 two-headed ogres
  Pikel (D:7)
  A manticore (D:12)
  Maurice (D:9)
  2 cyclopes
  A black mamba (shapeshifter) (D:13)
  2 unseen horrors
  A gargoyle (D:11)
  6 kobold demonologists
  A rime drake (D:10)
  5 trolls
  2 polar bears (D:10)
  3 hornets
  Sigmund (D:2)
  A vampire (D:12)
  A shadow (D:11)
  3 water elementals (D:12)
  3 wyverns
  3 wraiths
  6 slime creatures (D:13)
  17 yaks
  A fire elemental (D:12)
  3 vampire mosquitoes (D:12)
  2 steam dragons
  2 acid dragons
  6 hell hounds (D:12)
  Duvessa (D:4)
  3 orc warriors (D:12)
  3 ice beasts (D:10)
  A sky beast (D:6)
  3 black bears
  A wolf (D:10)
  4 centaurs
  A phantom (D:3)
  5 kobold brigands
  3 gnoll sergeants
  5 scorpions
  3 bullfrogs
  7 wights
  Dowan (D:4)
  8 killer bees
  7 howler monkeys
  An electric eel (D:12)
  2 bombardier beetles
  2 gnoll boudas
  A hound (D:5)
  10 orc priests
  Jessica (D:2)
  4 iguanas
  A sleepcap (D:4)
  17 orc wizards
  30 gnolls
  10 adders
  A white imp (D:7)
  2 ribbon worms (D:8)
  A dart slug (D:4)
  38 orcs
  7 endoplasms
  5 giant cockroaches
  10 goblins
  4 hobgoblins
  2 jackals (D:1)
  2 quokkas
  23 ball pythons
  6 bats
  A frilled lizard (D:2)
  31 kobolds
  12 rats
360 creatures vanquished.

Notes
Turn   | Place    | Note
-------+----------+-------------------------------------------
     0 | D:1      | JoadsterXIII the Formicid Fighter began the quest for the
                  | Orb.
     0 | D:1      | Reached XP level 1. HP: 18/18 MP: 1/1
   140 | D:1      | Reached XP level 2. HP: 18/24 MP: 2/2
   904 | D:2      | Noticed Jessica
   915 | D:2      | Killed Jessica
   916 | D:2      | Reached XP level 3. HP: 12/29 MP: 3/3
  1091 | D:2      | Reached XP level 4. HP: 35/35 MP: 4/4
  1099 | D:2      | Found a faded altar of an unknown god.
  1108 | D:2      | Reached skill level 1 in Staves
  1336 | D:2      | Reached skill level 1 in Short Blades
  1336 | D:2      | Reached skill level 1 in Long Blades
  1356 | D:2      | Reached skill level 1 in Polearms
  1375 | D:2      | Reached skill level 1 in Axes
  1375 | D:2      | Reached XP level 5. HP: 41/41 MP: 5/5
  1384 | D:2      | Reached skill level 1 in Ranged Weapons
  1490 | D:2      | Noticed Sigmund
  1515 | D:2      | Killed Sigmund
  1516 | D:2      | Reached XP level 6. HP: 15/48 MP: 6/6
  2006 | D:3      | HP: 1/48 [orc priest/nerve-wracking pain (13)]
  2276 | D:2      | Gained mutation: Armour fits poorly on your strangely
                  | shaped body. [potion of mutation]
  2307 | D:3      | Reached XP level 7. HP: 34/54 MP: 7/7
  2582 | D:3      | Reached skill level 5 in Shields
  2699 | D:3      | Lost mutation: Armour fits poorly on your strangely shaped
                  | body. [potion of mutation]
  2699 | D:3      | Gained mutation: Your flesh is cold resistant. (rC+)
                  | [potion of mutation]
  3661 | D:4      | Noticed Duvessa
  3662 | D:4      | Noticed Dowan
  3673 | D:4      | Killed Duvessa
  3674 | D:4      | Reached XP level 8. HP: 51/61 MP: 6/8
  3690 | D:4      | Killed Dowan
  4182 | D:4      | Found a glowing golden altar of the Shining One.
  4223 | D:4      | Became a worshipper of the Shining One
  4403 | D:5      | Entered Level 5 of the Dungeon
  4901 | D:5      | Found a shimmering blue altar of Sif Muna.
  5233 | D:6      | Reached skill level 5 in Fighting
  5307 | D:6      | Reached skill level 5 in Armour
  5307 | D:6      | Reached skill level 6 in Shields
  5355 | D:6      | Reached XP level 9. HP: 65/67 MP: 9/9
  5740 | D:6      | Found a staircase to the Ecumenical Temple.
  6179 | D:7      | Reached skill level 7 in Shields
  6219 | D:7      | Reached * piety under the Shining One
  6335 | D:7      | Noticed Pikel
  6351 | D:7      | Killed Pikel
  6352 | D:7      | Reached skill level 5 in Polearms
  6492 | D:7      | Reached skill level 8 in Shields
  6496 | D:7      | Reached XP level 10. HP: 74/77 MP: 10/10
  6601 | D:7      | HP: 1/77 [orc priest/divine providence (7)]
  6604 | D:7      | The Shining One protects you from harm!
  6606 | D:7      | HP: 1/77 [orc wizard/magic dart (1)]
  6612 | D:8      | HP: 4/115 [orc wizard/+0 dagger (1)]
  6953 | D:7      | Reached ** piety under the Shining One
  8047 | D:8      | Reached skill level 9 in Shields
  8305 | D:8      | Noticed a moth of wrath
  8308 | D:8      | Found a bloodstained altar of Trog.
  8866 | D:9      | Noticed Maurice
  8879 | D:9      | Maurice stole a ring of magical power
  8885 | D:9      | Maurice stole a +0 flail
  8886 | D:9      | Maurice stole 565 gold
  8888 | D:9      | Killed Maurice
  8889 | D:9      | Reached XP level 11. HP: 8/87 MP: 1/11
  9204 | D:9      | Reached skill level 10 in Shields
  9688 | D:9      | Found a broken altar of Ashenzari.
  9846 | D:9      | Noticed Erolcha
  9862 | D:9      | Killed Erolcha
  9897 | D:9      | Noticed a two-headed ogre
  9905 | D:9      | Killed a two-headed ogre
 10184 | D:9      | Found a burning altar of Makhleb.
 10214 | D:9      | Found a glowing silver altar of Zin.
 10746 | Temple   | Entered the Ecumenical Temple
 10755 | Temple   | Fell from the grace of the Shining One
 10755 | Temple   | Became a worshipper of Elyvilon the Healer
 10969 | D:10     | Entered Level 10 of the Dungeon
 10969 | D:10     | Reached * piety under Elyvilon
 10972 | D:10     | Noticed a sun demon
 11239 | D:9      | Fell from the grace of Elyvilon
 11239 | D:9      | Became a worshipper of Zin the Law-Giver
 11239 | D:9      | Reached * piety under Zin
 11239 | D:9      | Reached ** piety under Zin
 11447 | D:10     | Noticed a soul eater
 11470 | D:10     | Reached skill level 11 in Shields
 11846 | D:9      | Donated 306 gold pieces to Zin
 11969 | D:10     | Found a staircase to the Lair.
 12229 | D:10     | Found a shimmering altar of Xom.
 12230 | D:10     | Found a hazy altar of Hepliaklqana.
 12318 | D:10     | Reached XP level 12. HP: 94/97 MP: 12/12
 12332 | D:10     | Reached skill level 10 in Fighting
 12534 | D:10     | Reached skill level 1 in Invocations
 12539 | D:10     | Found a shadowy altar of Dithmenos.
 12565 | D:10     | Found an ancient bone altar of Kikubaaqudgha.
 12738 | D:11     | Reached skill level 10 in Armour
 12961 | D:11     | Reached *** piety under Zin
 13790 | D:12     | Found a staircase to the Orcish Mines.
 13793 | D:12     | Reached skill level 12 in Shields
 13852 | D:12     | Reached **** piety under Zin
 13861 | D:12     | Noticed Azrael
 13890 | D:12     | Killed Azrael
 14286 | D:12     | Reached skill level 5 in Invocations
 14541 | D:12     | Noticed a two-headed ogre
 14564 | D:12     | Killed a two-headed ogre
 14633 | D:12     | Noticed a sixfirhy
 14948 | D:12     | Reached XP level 13. HP: 45/105 MP: 6/17
 15851 | D:13     | Reached ***** piety under Zin
 16059 | D:13     | HP: 5/106 [large slime creature (26)]
 16657 | D:13     | Noticed a centaur warrior
 16671 | D:12     | HP: 5/106 [harpy (5)]
 16672 | D:12     | Zin protects you from harm!
 16672 | D:12     | Slain by a wolf spider

Illustrated notes

Levels and vault maps discovered:
D:1:      minmay_arrival_up_and_down, layout_basic, minmay_pentomino_w4
D:2:      layout_rooms, serial_rivers, chequers_serial_rivers_small_a,
          chequers_serial_rivers_small_3, chequers_serial_rivers_small_a,
          chequers_serial_rivers_room_b, dreamdust_ecumenical_altar_statues,
          minmay_snake_closets, uniq_sigmund, uniq_jessica
D:3:      layout_loops_ring, dreamdust_wishing_well
D:4:      layout_cave_pods, tso_metal_star, serial_park, serial_park_square2,
          serial_park_square2, serial_park_avenue1, serial_park_square3
          [serial_park_minivault_5x5_1], uniq_duvessa
D:5:      layout_loops_ring, led_sif_pool
D:6:      layout_loops_ring, minmay_temple_entry_poolview,
          minmay_misc_feat_encased, minivault_22
D:7:      layout_cave_pools, mrwooster_statue_mirror, uniq_pikel
D:8:      layout_basic, tgw_trog
D:9:      cheibrodos_elevator_heist, layout_gridville, bloody_makhleb,
          kennysheep_little_box, evilmike_ruin_ashenzari,
          serial_library_hellmonk_junction, uniq_erolcha, uniq_maurice
D:10:     layout_rooms, mainiacjoe_overflow_two_lobes,
          regret_index_temple_of_mockery, hellmonk_lair_entry_icy
D:11:     layout_gridville
D:12:     layout_loops_ring, david_orc_3, serial_bayou, serial_bayou_shore_b,
          serial_bayou_pond_d, serial_bayou_ford_a, serial_bayou_lagoon_a,
          uniq_azrael
D:13:     layout_irregular_city, dk_noncrumbling_4, minmay_misc_feat_iff,
          minivault_28
D:14:     layout_layer_cave, david_vaults_1,
          nicolae_concentric_dashed_squares_wild, minivault_10, uniq_jorgrun
Temple:   hellmonk_temple_two_chambers

Skill      XL: |  1  2  3  4  5  6  7  8  9 10 11 12 13 |
---------------+----------------------------------------+-----
Staves         | 1 2 |  2.8
Short Blades   | 1 2 |  2.5
Long Blades    | 1 2 |  2.6
Polearms       | 1 2 3 5 6 8 9 |  9.6
Axes           | 1 2 |  2.7
Ranged Weapons | 1 2 |  2.5
Fighting       | 4 5 6 8 9 10 11 | 11.1
Armour         | 4 5 6 8 9 10 | 10.9
Shields        | 5 6 8 9 11 12 | 12.9
Maces & Flails | 3 |  3.4
Invocations    | 6 7 |  7.5

Action                     |  1- 3 |  4- 6 |  7- 9 | 10-12 | 13-15 || total
---------------------------+-------+-------+-------+-------+-------++-------
  Melee: Flail             |    54 |    91 |       |       |       ||   145
         Halberd           |       |    55 |   344 |   670 |    96 ||  1165
  Throw: Throwing net      |       |       |       |     1 |       ||     1
 Invoke: Vitalisation      |       |       |       |     1 |     1 ||     2
         Donate Gold       |       |       |       |     1 |       ||     1
         Recite            |       |       |       |     3 |       ||     3
Ability: Dig               |       |       |     3 |     1 |       ||     4
  Evoke: Wand              |       |       |       |     2 |     1 ||     3
    Use: Scroll            |     3 |     4 |    13 |     5 |     1 ||    26
         Potion            |       |     7 |     3 |     9 |     2 ||    21
   Stab: Invisible         |       |       |       |     1 |     2 ||     3
         Confused          |       |       |       |     1 |       ||     1
 Armour: Scale mail        |    61 |       |       |       |       ||    61
         Chain mail        |    24 |   150 |   388 |       |       ||   562
         Plate armour      |       |       |       |   647 |   158 ||   805
         Skin              |       |       |       |     8 |       ||     8
  Dodge: Dodged            |    41 |    52 |   123 |   197 |    30 ||   443
  Block: Buckler           |    22 |    37 |   118 |   292 |    63 ||   532

Table legend: (Time is in decaauts)
 A = Elapsed time spent in this place.
 B = Non-inter-level travel time spent in this place.
 C = Inter-level travel time spent in this place.
 D = Time resting spent in this place.
 E = Time spent auto-exploring this place.
 F = Levels seen in this place.
 G = Mean time per level.
                   A        B        C        D        E       F      G
               +--------+--------+--------+--------+--------+-----+--------+
         Total |  16937 |  16115 |    822 |   3457 |   9153 |  15 | 1129.1 |
       Dungeon |  16918 |  16112 |    806 |   3457 |   9153 |  14 | 1208.4 |
        Temple |     18 |      2 |     16 |      0 |      0 |   1 |   18.0 |
               +--------+--------+--------+--------+--------+-----+--------+

Top non-repeatable levels by time:
     D:9: 2475 daAuts
     D:8: 1999 daAuts
    D:12: 1831 daAuts
     D:4: 1394 daAuts
     D:2: 1234 daAuts
     D:6: 1142 daAuts
     D:1: 1095 daAuts
    D:10: 1081 daAuts
    D:11: 1063 daAuts
     D:7: 949 daAuts
    D:13: 825 daAuts
     D:3: 809 daAuts
     D:5: 770 daAuts
    D:14: 244 daAuts
  Temple: 18 daAuts
